AoeStats
← CNZS_98T

Arabia

510393265Analyzed
1v1 RM · 11h ago on Sep 30, 2026· 41m 23s· 2 players
Game mode
Random Map
Map size
Tiny (2 player)
Population
200
Speed
Normal
Resources
Standard
Victory
Conquest
Starting age
Dark Age
Ending age
Imperial Age
RankedLock teamsTeams togetherTeam positionsShared explorationLock speedFull tech treeHidden civsTurbo modeCheats
Victory
Defeat
🇲🇽 Armenians · Mexico
2591
+14
🇳🇱 Aztecs · Netherlands
2547
-14
CNZS_98T
6:41 Loom
8:47 Feudal Age
9:00 Man-at-Arms
15:19 Double-Bit Axe
17:02 Fletching
19:01 Forging
25:21 Castle Age
23:40 Horse Collar
25:28 Elite Skirmisher
25:37 Crossbowman
26:15 Bodkin Arrow
26:53 Padded Archer Armor
28:13 Ballistics
28:38 Bow Saw
30:59 Wheelbarrow
31:39 Leather Archer Armor
33:47 Town Watch
38:06 Gold Mining
38:17 Heavy Plow
Ux´Combito
5:55 Loom
9:04 Feudal Age
9:17 Man-at-Arms
9:46 Double-Bit Axe
14:17 Fletching
14:29 Arson
16:10 Horse Collar
18:14 Scale Mail Armor
17:35 Long Swordsman
24:41 Castle Age
22:46 Gold Mining
23:13 Padded Archer Armor
25:00 Elite Skirmisher
25:37 Bodkin Arrow
25:54 Bow Saw
25:05 Two-Handed Swordsman
25:31 Gambesons
26:04 Chain Mail Armor
27:34 Ballistics
28:10 Forging
29:06 Stone Mining
32:16 Leather Archer Armor
34:16 Guard Tower
38:26 Imperial Age
39:20 Bracer
40:21 Chemistry
38:47 Champion
41:25 Plate Mail Armor
42:12 Iron Casting
Connection lost

Rejoining the realm…

Still unreachable

The connection could not be restored.

Session expired

The server has moved on; the page needs a fresh start.